 Dungeon Crawl Stone Soup version 0.28-a0-445-g51f8dfeb47 (webtiles) character file.

Game seed: 5950671517664233865

110 Dabor the Conjurer (level 4, -2/33 HPs)
             Began as a Draconian Conjurer on Sept 13, 2021.
             Was a Believer of Cheibriados.
             Slain by an orc priest (5 damage)
             ... on level 3 of the Dungeon.
             The game lasted 00:14:55 (2674 turns).

Dabor the Conjurer (Draconian Conjurer)             Turns: 2674, Time: 00:14:56

Health: -2/33      AC:  6    Str: 16    XL:     4   Next: 61%
Magic:  1/7        EV: 12    Int: 24    God:    Cheibriados [**....]
Gold:   24         SH:  0    Dex: 15    Spells: 5/8 levels left

rFire   + . .      SeeInvis .   c - +0 club (drain)
rCold   + . .      Faith    .   (no shield)
rNeg    . . .      Spirit   .   (armour unavailable)
rPois   .          Reflect  .   (helmet restricted)
rElec   .          Harm     .   j - scarf {rC+ rF+}
rCorr   .          Rampage  .   (no gloves)
Will    .....                   d - +0 pair of boots
Stlth   ++........              (no amulet)
HPRegen 0.11/turn               (no ring)
MPRegen 0.10/turn               (no ring)

@: very slow
A: AC +5, unfitting armour, cold-blooded, low mp 1, strong 1, devolution 1
a: Renounce Religion, Bend Time


You were on level 3 of the Dungeon.
You worshipped Cheibriados.
Cheibriados was pleased with you.
You visited 1 branch of the dungeon, and saw 3 of its levels.

You collected 112 gold pieces.
You spent 88 gold pieces at shops.

Inventory:

Hand Weapons
 c - a +0 club of draining (weapon)
 g - a +0 hunting sling
Missiles
 a - 88 stones
 e - 5 boomerangs
Armour
 d - a +0 pair of boots (worn)
 j - a scarf of resistance (worn)
Wands
 l - a wand of flame (11)
Scrolls
 i - a scroll of silence
 k - a scroll of identify {unknown}
 m - a scroll of fog {unknown}
Potions
 b - a potion of haste {unknown}
 h - 2 potions of attraction {unknown}
 n - a potion of lignification {unknown}


   Skills:
 + Level 2.6 Dodging
 + Level 2.8 Stealth
 + Level 2.8 Spellcasting
 + Level 4.6 Conjurations


You had 5 spell levels left.
You knew the following spells:

 Your Spells              Type           Power      Damage    Failure   Level
a - Magic Dart            Conj           100%       1d8       1%          1
b - Searing Ray           Conj           50%        2d6       2%          2

Your spell library contained the following spells:

 Spells                   Type           Power      Damage    Failure   Level
 Dazzling Flash           Conj/Hex       28%        N/A       13%         3
 Sublimation of Blood     Necr           1%         N/A       17%         2
 Wereblood                Tmut           3%         N/A       17%         2
 Fulminant Prism          Conj/Hex       7%         3d7       38%         4
 Iskenderun's Mystic Bla  Conj/Tloc      14%        2d5       38%         4
 Summon Hydra             Summ           1%         N/A       100%        7


Dungeon Overview and Level Annotations

Branches:
Dungeon (3/15)

Altars:
Cheibriados
Okawaru

Shops:
D:2 (!


Innate Abilities, Weirdness & Mutations

Your plain brown scales are hard. (AC +5)
You cannot fit into any form of body armour.
You are cold-blooded and may be slowed by cold attacks.
Your magical capacity is low. (-10% MP)
Your muscles are strong. (Str +2)
You have hidden genetic defects.


Message History

a +0 hand axe; an orc corpse You barely miss the orc priest.
The orc priest is heavily wounded.
The orc priest misses you. The orc priest barely misses you.
You hit the orc priest. You drain the orc priest.
The orc priest is severely wounded.
The orc priest looks encouraged for a moment.
You hit the orc priest but do no damage.
The orc priest is severely wounded.
The orc priest calls down the wrath of Beogh upon you.
You barely resist. You barely miss the orc priest.
You tail-slap the orc priest, but do no damage.
The orc priest is severely wounded.
The orc priest begins to cast a cantrip, but forgets the words!
The orc priest looks encouraged for a moment.
You feel a genetic drift.
You feel less energetic.
You closely miss the orc priest.
The orc priest is severely wounded.
The orc priest calls down the wrath of Beogh upon you.
Pain shoots through your body!
The magic dart hits the orc priest.
The orc priest is almost dead.
The orc priest calls down the wrath of Beogh upon you.
Beogh smites you!
* * * LOW HITPOINT WARNING * * *
You are too injured to fight recklessly!
Okay, then.
Okay, then.
As you read the scroll of teleportation, it crumbles to dust.
You feel strangely unstable.
The orc priest hits you with a +0 trident.
* * * LOW HITPOINT WARNING * * *
The orc priest hits you but does no damage.
Your surroundings suddenly seem different.
The orc priest hits you from afar with a +0 trident.
* * * LOW HITPOINT WARNING * * *
The orc priest hits you from afar with a +0 trident.
You die...

....# #####..##########
###.. #................
.........##.####....####
#### # ..#.####.#### #
.........# # ###..#.)##
# ... ##o##### # .
#.....# # #.@...#
#)....# #.....# #.....#
#.....# #.....# #.....#
#.....#


You could see an orc priest (drained).

Vanquished Creatures
  An orc priest (D:3)
  2 adders (D:2)
  6 dart slugs
  2 orcs (D:3)
  6 endoplasms
  3 giant cockroaches
  3 hobgoblins
  5 kobolds
  2 quokkas
  3 ball pythons
  5 bats
  2 frilled lizards (D:2)
  4 goblins
  6 rats
50 creatures vanquished.

Notes
Turn   | Place    | Note
-------+----------+-------------------------------------------
     0 | D:1      | Dabor the Draconian Conjurer began the quest for the Orb.
     0 | D:1      | Reached XP level 1. HP: 14/14 MP: 3/3
   412 | D:1      | Reached XP level 2. HP: 20/20 MP: 0/5
   908 | D:1      | Found a faded altar of an unknown god.
   942 | D:1      | Became a worshipper of Cheibriados the Contemplative
   942 | D:1      | Reached * piety under Cheibriados
  1463 | D:2      | Found an iron altar of Okawaru.
  1657 | D:2      | Reached XP level 3. HP: 26/26 MP: 2/6
  1788 | D:2      | Found Tuarychagirr's Distillery.
  1930 | D:2      | Reached ** piety under Cheibriados
  2307 | D:2      | Found Qaimuj's Antique Weapon Shoppe.
  2313 | D:2      | Reached XP level 4. HP: 33/33 MP: 1/7
  2461 | D:3      | Learned a level 2 spell: Searing Ray
  2518 | D:2      | Bought a potion of mutation for 88 gold pieces
  2518 | D:2      | Gained mutation: You have hidden genetic defects. [potion
                  | of mutation]
  2518 | D:2      | Gained mutation: Your muscles are strong. (Str +2) [potion
                  | of mutation]
  2669 | D:3      | Gained mutation: Your magical capacity is low. (-10% MP)
                  | [hidden defects]
  2674 | D:3      | Slain by an orc priest

Illustrated notes

Levels and vault maps discovered:
D:1:      nicolae_arrival_somewhat_less_tricky_arrival, layout_basic,
          ebering_ecumenical_altar_hall, minmay_misc_feat_rows
D:2:      minmay_general_purpose_star, layout_rooms, serial_shops,
          nicolae_shop_behind_doors, shop_fountains, basic_altar, st_stairs_12
D:3:      layout_rooms, uniq_robin

Skill      XL: |  1 |
---------------+----+-----
Stealth        | 2 |  2.8
Dodging        | 2 |  2.6
Spellcasting   | |  2.8
Conjurations   | |  4.6

Action                   |  1- 3 |  4- 6 || total
-------------------------+-------+-------++-------
Melee: Club              |     9 |     8 ||    17
       Tailslap          |       |     2 ||     2
 Cast: Magic Dart        |    83 |    19 ||   102
  Use: Scroll            |     5 |     1 ||     6
       Potion            |       |     1 ||     1
Armor: Skin              |     9 |     4 ||    13
Dodge: Dodged            |     9 |     4 ||    13

Table legend: (Time is in decaauts)
 A = Elapsed time spent in this place.
 B = Non-inter-level travel time spent in this place.
 C = Inter-level travel time spent in this place.
 D = Time resting spent in this place.
 E = Time spent auto-exploring this place.
 F = Levels seen in this place.
 G = Mean time per level.
                   A        B        C        D        E       F      G
               +--------+--------+--------+--------+--------+-----+--------+
         Total |   3110 |   2989 |    121 |    258 |   1909 |   3 | 1036.7 |
       Dungeon |   3110 |   2989 |    121 |    258 |   1909 |   3 | 1036.7 |
               +--------+--------+--------+--------+--------+-----+--------+

Top non-repeatable levels by time:
     D:1: 1711 daAuts
     D:2: 1164 daAuts
     D:3: 234 daAuts
